 Dungeon Crawl Stone Soup version 0.24.0-123-gd5b16e6ec5 (webtiles) character file.

Game seed: 2759148504424962, levelgen mode: deterministic

115 hazymike the Magician (level 4, -3/22 HPs)
             Began as a Spriggan Wizard on Feb 2, 2020.
             Killed by divine providence
             ... invoked by an orc priest
              (10 damage)
             ... on level 3 of the Dungeon.
             The game lasted 00:17:09 (2857 turns).

hazymike the Magician (Spriggan Wizard)             Turns: 2857, Time: 00:17:09

Health: -3/22      AC:  2    Str:  4    XL:     4   Next: 68%
Magic:  11/12      EV: 18    Int: 19    God:
Gold:   164        SH:  0    Dex: 14    Spells: 2/13 levels left

rFire    . . .     SeeInvis +   b - +1 hunting sling (flame)
rCold    . . .     Gourm    .   (shield restricted)
rNeg     . . .     Faith    .   f - +0 robe
rPois    .         Spirit   .   w - +0 hat
rElec    .         Reflect  .   (no cloak)
rCorr    .         Harm     .   (gloves unavailable)
MR       .....                  (boots unavailable)
Stlth    ++........             (no amulet)
HPRegen  0.07/turn              (no ring)
MPRegen  0.13/turn              (no ring)

@: very quick
A: very small, unfitting armour, see invisible, herbivore, speed 3, slow
metabolism 2
a: no special abilities


You were on level 3 of the Dungeon.
You were not hungry.

You visited 1 branch of the dungeon, and saw 3 of its levels.

You collected 164 gold pieces.

Inventory:

Hand Weapons
 a - a +0 dagger of draining
 b - a +1 hunting sling of flaming (weapon)
Missiles
 c - 149 stones
 k - 71 sling bullets (quivered)
 t - 42 arrows
Armour
 f - a +0 robe (worn)
 m - a +0 buckler
 w - a +0 hat (worn)
Scrolls
 e - a scroll of magic mapping {unknown}
 g - 2 scrolls of noise {unknown}
 i - a scroll of immolation {unknown}
 j - a scroll of remove curse {unknown}
 l - a scroll of random uselessness {unknown}
 n - 2 scrolls of amnesia {unknown}
 o - 2 scrolls of enchant armour {unknown}
 p - 2 scrolls of teleportation {unknown}
 v - a scroll of enchant weapon {unknown}
Potions
 h - a potion of mutation {unknown}
 q - a potion of haste {unknown}
 r - a potion of lignification {unknown}
 s - a potion of resistance {unknown}
 u - a potion of curing {unknown}
Comestibles
 d - 2 rations


   Skills:
 * Level 1.2 Fighting
 + Level 0.4 Slings
 + Level 3.3 Dodging
 + Level 3.6 Stealth
 * Level 0.1 Shields
 + Level 5.3 Spellcasting
 + Level 1.1 Conjurations
 + Level 0.7 Summonings
 - Level 2.0 Translocations
 * Level 0.7 Fire Magic


You had 2 spell levels left.
You knew the following spells:

 Your Spells              Type           Power        Failure   Level  Hunger
a - Magic Dart            Conj           #...         8%          1    None
b - Blink                 Tloc           N/A          8%          2    None
c - Call Imp              Summ           #.......     14%         2    None
d - Conjure Flame         Conj/Fire      #.......     24%         3    ##.....
e - Mephitic Cloud        Conj/Pois/Air  #.......     30%         3    ##.....

Your spell library contained the following spells:

 Spells                   Type           Power        Failure   Level  Hunger
 Slow                     Hex            #.......     19%         2    None


Dungeon Overview and Level Annotations

Branches:
Dungeon (3/15)

Altars:
Nemelex Xobeh
Uskayaw


Innate Abilities, Weirdness & Mutations

You are very small and have problems with some larger weapons.
You are too small for most types of armour.
You have supernaturally acute eyesight. (SInv)
You are a herbivore.
You cover ground extremely quickly.
You need to consume almost no food.


Message History

The sling bullet burns the leopard gecko.
The leopard gecko is almost dead.
The orc priest looks braver for a moment.
Firing (i - inventory. (/) - cycle)
k - 72 sling bullets (quivered)
Press: ? - help, Shift-Dir - straight line, f/p - orc priest
Aim: an orc priest, wielding a +0 club and wearing a +0 ring mail You shoot a sling bullet.
The sling bullet closely misses the orc priest.
The sling bullet hits the leopard gecko.
The sling bullet burns the leopard gecko.
You kill the leopard gecko!
The orc priest invokes the aid of Beogh against you.
Beogh smites you!
Ouch! That really hurt!
You see here a jackal corpse.
The orc priest mumbles some strange prayers to Beogh against you.
Pain shoots through your body!
The orc priest mumbles some strange prayers to Beogh against you.
Beogh smites you!
You die...

(.h. .... ## .(.. .# ....
####.# .K.. ..#.#### ..(
#.......
..#(##################...#
..((((.oso†.....@........#
#
.(####################.#.#
## #.#... .. #.##### #.
#.# #. #.# #######.
##.###.......
##...##....###
#..........# #


You could see an orc priest.

Vanquished Creatures
  An adder (D:2)
  3 gnolls (D:2)
  A dart slug (D:1)
  4 leopard geckos
  An orc (D:3)
  3 giant cockroaches
  4 hobgoblins
  9 jackals
  5 kobolds
  A quokka (D:2)
  3 ball pythons
  7 bats
  2 frilled lizards (D:1)
  14 goblins
  7 rats
65 creatures vanquished.

Notes
Turn   | Place    | Note
-------+----------+-------------------------------------------
     0 | D:1      | hazymike the Spriggan Wizard began the quest for the Orb.
     0 | D:1      | Reached XP level 1. HP: 9/9 MP: 6/6
     3 | D:1      | Noticed an electric eel
     3 | D:1      | Noticed an electric eel
   243 | D:1      | You fall into a shaft and drop 1 floor!
   313 | D:2      | Reached XP level 2. HP: 13/13 MP: 2/8
   317 | D:2      | Learned a level 2 spell: Blink
   320 | D:2      | Learned a level 2 spell: Call Imp
   450 | D:2      | Found a sparkling altar of Nemelex Xobeh.
   452 | D:2      | Found a hide-covered altar of Uskayaw.
  1139 | D:1      | Reached XP level 3. HP: 17/17 MP: 5/10
  1696 | D:2      | Reached skill level 5 in Spellcasting
  1717 | D:2      | Reached skill level 1 in Fighting
  1780 | D:2      | Learned a level 3 spell: Conjure Flame
  1784 | D:2      | Learned a level 3 spell: Mephitic Cloud
  1978 | D:2      | Reached skill level 1 in Conjurations
  1978 | D:2      | Reached XP level 4. HP: 22/22 MP: 8/12
  2857 | D:3      | Killed from afar by an orc priest

Levels and vault maps discovered:
D:1:      arrival_aquarium_b, layout_basic
D:2:      layout_loops_ring, chequers_temple_overflow_statue_of_worship
D:3:      layout_loops_ring, kennysheep_crisscross

Skill      XL: |  1  2  3  4 |
---------------+-------------+-----
Spellcasting   | 5 |  5.3
Fighting       | 1 |  1.2
Conjurations   | 1 |  1.1
Translocations | 2 |  2.0
Slings         | |  0.4
Dodging        | |  3.3
Stealth        | |  3.6
Shields        | |  0.1
Summonings     | |  0.7
Fire Magic     | |  0.7

Action                   |  1- 3 |  4- 6 || total
-------------------------+-------+-------++-------
 Fire: Hunting sling     |       |    21 ||    21
Throw: Stone             |    16 |       ||    16
 Cast: Magic Dart        |   114 |    43 ||   157
Armor: Robe              |     2 |       ||     2
Dodge: Dodged            |    19 |    17 ||    36
